 Dungeon Crawl Stone Soup version 0.31.0-9-g3a7656b989 (webtiles) character file.

Game seed: 13178224952070582597

1162 qw the Nimble (level 8, -1/40 HPs)
             Began as a Spriggan Hunter on Feb 2, 2024.
             Slain by an orc warrior
             ... wielding a +0 halberd
              (14 damage)
             ... on level 9 of the Dungeon.
             The game lasted 00:00:18 (3683 turns).

qw the Nimble (Spriggan Hunter)                     Turns: 3683, Time: 00:00:18

Health: -1/40      AC:  2    Str:  7    XL:     8   Next: 17%
Magic:  9/9        EV: 23    Int: 11    God:
Gold:   53         SH:  0    Dex: 20    Spells: 7/7 levels left

rFire   . . .        a - +0 shortbow (drain)
rCold   . . .        (shield currently unavailable)
rNeg    . . .        l - +0 robe {Will+}
rPois   .            (helmet restricted)
rElec   .            (no cloak)
rCorr   .            (gloves unavailable)
SInv    +            (boots unavailable)
Will    +++..        (no amulet)
Stlth   ++           g - ring of willpower
HPRegen 0.26/turn    (no ring)
MPRegen 0.11/turn

%: no passive effects
@: very quick
A: very small, no large weapons, unfitting armour, see invisible, speed 3
a: no special abilities


You were on level 9 of the Dungeon.
You visited 1 branch of the dungeon, and saw 7 of its levels.

You collected 137 gold pieces.
You spent 84 gold pieces at shops.


Innate Abilities, Weirdness & Mutations

You are very small and have problems with some larger weapons.
You are too small for most types of armour.
You have supernaturally acute eyesight. (SInv)
You cover ground extremely quickly. (Speed+++)


   Skills:
 - Level 3.0 Fighting
 + Level 8.1 Ranged Weapons
 - Level 8.2 Dodging
 - Level 1.5 Stealth


You had 7 spell levels left.
You didn't know any spells.
Your spell library was empty.

Inventory:

Hand Weapons
 a - a +0 shortbow of draining (weapon)
Armour
 l - a +0 robe of willpower (worn)
Jewellery
 g - a ring of willpower (left hand)
Wands
 c - a wand of light (1)
 m - a wand of roots (8)
Scrolls
 j - a scroll of teleportation
Potions
 b - a potion of heal wounds {unknown}
 d - 6 potions of enlightenment
 e - 4 potions of curing
 f - 2 potions of might
 h - a potion of haste {unknown}
 o - a potion of cancellation

Dungeon Overview and Level Annotations

Branches:
Dungeon (6/15)
 Temple: D:4-7

Altars:
Dithmenos
Gozag
Trog
Wu Jian

Shops:
D:1 =:?   D:4 (*

Annotations:
D:5 2 transporters, qw's ghost, amateur GrHu


Message History

You drain the orc warrior.
The orc warrior is severely wounded.
The orc warrior barely misses you. The orc warrior misses you.
You shoot an arrow.
The arrow hits the orc warrior but does no damage.
You drain the orc warrior.
The orc warrior is severely wounded.
The orc warrior misses you. The orc warrior closely misses you.
You shoot an arrow.
The arrow closely misses the orc warrior.
The arrow hits the orc warrior but does no damage.
The orc warrior hits you from afar with a +0 halberd!
The orc warrior closely misses you.
You shoot an arrow.
The arrow hits the orc warrior but does no damage.
The orc warrior is severely wounded.
The orc warrior completely misses you. The orc warrior misses you.
You shoot an arrow.
The arrow barely misses the orc warrior.
The arrow hits the orc warrior.
The orc warrior is lightly wounded.
The orc warrior closely misses you.
The orc warrior hits you with a +0 scimitar!
You shoot an arrow.
The arrow hits the orc warrior but does no damage.
You drain the orc warrior.
The orc warrior is almost dead.
The orc warrior completely misses you. x2
You shoot an arrow.
The arrow hits the orc warrior but does no damage.
You drain the orc warrior.
The orc warrior is almost dead.
The orc warrior hits you from afar with a +0 halberd!
The orc warrior misses you.
You shoot an arrow.
The arrow hits the orc warrior but does no damage.
You drain the orc warrior.
You kill the orc warrior!
The orc warrior hits you from afar with a +0 halberd!
You die...

.... #......
#....... #.......
#########
##.......##.......#
........##...####..
............##$.##
..........8.@)o).+
............##o.##
........##...# ##
###......##.....
#.(.....#+####
#......##
........##
........# ........#


You could see 2 orc warriors.

Vanquished Creatures
  Sigmund (D:5)
  A water moccasin (D:5)
  An ice beast (D:6)
  An orc warrior (D:9)
  2 black bears
  An ogre (D:4)
  A scorpion (D:5)
  2 hounds
  A jelly (D:5)
  A sleepcap (D:4)
  3 iguanas
  Natasha (thrice) (D:3)
  9 adders
  3 gnolls (D:2)
  2 dart slugs
  2 ribbon worms (D:2)
  9 orcs
  12 endoplasms
  A giant cockroach (D:3)
  6 goblins
  4 hobgoblins
  2 jackals (D:3)
  2 quokkas
  4 ball pythons
  A bat (D:1)
  5 frilled lizards
  6 kobolds
  3 rats
89 creatures vanquished.

Notes
Turn   | Place    | Note
-------+----------+-------------------------------------------
     0 | D:1      | qw the Spriggan Hunter began the quest for the Orb.
     0 | D:1      | Reached XP level 1. HP: 10/10 MP: 2/2
     0 | D:1      | 0 ||| qw: Version: 0.3-a-155-g5e7d8dd
     0 | D:1      | 0 ||| qw: Game counter: 42
     0 | D:1      | 0 ||| qw: Melee chars always use a shield: true
     0 | D:1      | 0 ||| qw: God list: Okawaru
     0 | D:1      | 0 ||| qw: Allow faded altars: false
     0 | D:1      | 0 ||| qw: Do Orc after clearing Dungeon:15 true
     0 | D:1      | 0 ||| qw: Do second Lair branch before Depths: true
     0 | D:1      | 0 ||| qw: Lair rune preference: random
     0 | D:1      | 0 ||| qw: Goals: Normal
     0 | D:1      | 0 ||| PLANNING D:1-11
    63 | D:1      | Reached skill level 3 in Dodging
    81 | D:1      | Found Guellim's Jewellery Emporium.
    83 | D:1      | 83 ||| SHOPLISTING +4 ring of protection (396 gold, have
                  | 7).
    83 | D:1      | 83 ||| SHOPLISTING +6 ring of dexterity (396 gold, have 7).
    83 | D:1      | 83 ||| SHOPLISTING amulet of faith (440 gold, have 7).
    83 | D:1      | 83 ||| SHOPLISTING amulet of regeneration (330 gold, have
                  | 7).
    83 | D:1      | 83 ||| SHOPLISTING ring of Luis {Wiz rF- Str+2 Dex+3} (445
                  | gold, have 7).
    83 | D:1      | 83 ||| SHOPLISTING ring of positive energy (220 gold, have
                  | 7).
    83 | D:1      | 83 ||| SHOPLISTING ring of the Octopus King {rCorr HP+2
                  | AC+2 EV+2 SH+2} (620 gold, have 7).
   118 | D:1      | Found a faded altar of an unknown god.
   447 | D:1      | Reached XP level 2. HP: 14/14 MP: 3/3
   476 | D:1      | Found Bereomoa's Book Emporium.
   498 | D:1      | Found Gux Maetz's Magic Scroll Shoppe.
   502 | D:1      | 502 ||| SHOPLISTING scroll of enchant weapon (90 gold, have
                  | 26).
   502 | D:1      | 502 ||| BUYING scroll of identify (24 gold).
   502 | D:1      | Bought a scroll of identify for 24 gold pieces
   502 | D:1      | 502 ||| SHOPLISTING scroll of identify (24 gold, have 2).
   502 | D:1      | 502 ||| SHOPLISTING scroll of teleportation (36 gold, have
                  | 2).
   673 | D:1      | 673 ||| DROPPING +6 ring of intelligence.
   674 | D:1      | 674 ||| UPGRADING to ring of willpower.
   675 | D:1      | 675 ||| READING 2 scrolls of identify.
   675 | D:1      | 675 ||| IDENTIFYING lumpy ruby potion
   676 | D:1      | 676 ||| READING scroll of identify.
   676 | D:1      | 676 ||| IDENTIFYING bubbling dark potion
   677 | D:1      | 677 ||| READING scroll labelled CAURUTZEYT.
   681 | D:1      | 681 ||| DRINKING 2 fuming brown potions.
   682 | D:1      | 682 ||| DROPPING scroll of butterflies.
   683 | D:1      | 683 ||| DROPPING potion of invisibility.
   814 | D:2      | HP: 3/14 [hobgoblin (5)]
   917 | D:2      | Reached XP level 3. HP: 18/18 MP: 4/4
  1111 | D:2      | 1111 ||| RETREEEEATING.
  1115 | D:2      | 1115 ||| RETREEEEATING.
  1118 | D:2      | 1118 ||| RETREEEEATING.
  1120 | D:2      | 1120 ||| RETREEEEATING.
  1273 | D:2      | Reached XP level 4. HP: 22/22 MP: 5/5
  1357 | D:2      | 1357 ||| READING scroll labelled XUCUNLI DEDA.
  1458 | D:2      | 1458 ||| READING scroll labelled USUFOI GUTSOTUPT.
  1459 | D:2      | 1459 ||| READING scroll labelled POULOY LUMN.
  1459 | D:2      | 1459 ||| BRANDING +0 shortbow.
  1460 | D:2      | 1460 ||| READING scroll labelled PUXZITHR YGEMONK.
  1461 | D:2      | 1461 ||| DRINKING 3 viscous yellow potions.
  1752 | D:3      | Identified the +6 long sword "Vecos" {flame, Will+ Dex+2}
  1785 | D:3      | Noticed Natasha
  1788 | D:3      | Killed Natasha
  1827 | D:3      | Found a bloodstained altar of Trog.
  1831 | D:3      | Noticed Natasha
  1834 | D:3      | Killed Natasha
  1835 | D:3      | Reached XP level 5. HP: 26/26 MP: 6/6
  1855 | D:3      | Found a shadowy altar of Dithmenos.
  1861 | D:3      | Noticed Natasha
  1863 | D:3      | Killed Natasha
  2189 | D:3      | 2189 ||| UPGRADING to +0 robe of willpower.
  2199 | D:3      | 2199 ||| DROPPING +0 robe.
  2200 | D:3      | 2200 ||| READING scroll of identify.
  2200 | D:3      | 2200 ||| IDENTIFYING cyan potion
  2201 | D:3      | 2201 ||| DRINKING 2 inky potions.
  2233 | D:3      | 2233 ||| DROPPING potion of brilliance.
  2234 | D:3      | 2234 ||| DROPPING potion of lignification.
  2315 | D:4      | Found Wugeicuh's Antique Weapon Shop.
  2323 | D:4      | 2323 ||| SHOPLISTING glowing orcbow (162 gold, have 73).
  2369 | D:4      | Noticed an ogre
  2370 | D:4      | 2370 ||| ZAPPING wand of light (10) at 4,2 (ogre; floor).
  2371 | D:4      | 2371 ||| ZAPPING wand of light (9) at 3,1 (ogre; floor).
  2372 | D:4      | 2372 ||| RETREEEEATING.
  2373 | D:4      | 2373 ||| RETREEEEATING.
  2374 | D:4      | 2374 ||| RETREEEEATING.
  2375 | D:4      | 2375 ||| ZAPPING wand of light (8) at 0,3 (ogre; floor).
  2375 | D:4      | Killed an ogre
  2376 | D:4      | Reached skill level 6 in Ranged Weapons
  2376 | D:4      | Reached XP level 6. HP: 30/30 MP: 7/7
  2489 | D:4      | Found Micyucew's General Store.
  2499 | D:4      | 2499 ||| BUYING potion of enlightenment (60 gold).
  2499 | D:4      | Bought a potion of enlightenment for 60 gold pieces
  2509 | D:4      | Reached skill level 6 in Dodging
  2633 | D:4      | Found an opulent altar of Gozag.
  2727 | D:4      | 2727 ||| READING 2 scrolls of identify.
  2727 | D:4      | 2727 ||| IDENTIFYING fizzy golden potion
  2728 | D:4      | 2728 ||| READING scroll of identify.
  2728 | D:4      | 2728 ||| IDENTIFYING 2 white potions
  2729 | D:4      | 2729 ||| READING scroll labelled MAAWKA SAME.
  2730 | D:4      | 2730 ||| READING scroll labelled HOIGRUN XILILA.
  2831 | D:4      | 2831 ||| READING scroll labelled IZXEB YDAUT.
  2884 | D:4      | 2884 ||| DRINKING 2 sedimented yellow potions.
  2885 | D:4      | 2885 ||| DROPPING 2 potions of degeneration.
  2886 | D:4      | 2886 ||| DROPPING potion of magic.
  2906 | D:5      | Entered Level 5 of the Dungeon
  2942 | D:5      | Noticed a water moccasin
  2944 | D:5      | 2944 ||| ZAPPING wand of light (7) at -5,0 (water moccasin;
                  | floor).
  2945 | D:5      | 2945 ||| ZAPPING wand of light (6) at -4,0 (water moccasin;
                  | floor).
  2946 | D:5      | 2946 ||| ZAPPING wand of light (5) at -5,0 (water moccasin;
                  | floor).
  2947 | D:5      | 2947 ||| ZAPPING wand of light (4) at -3,0 (water moccasin;
                  | floor).
  2948 | D:5      | 2948 ||| ZAPPING wand of light (3) at -2,0 (water moccasin;
                  | floor).
  2948 | D:5      | Killed a water moccasin
  2949 | D:5      | Reached XP level 7. HP: 35/35 MP: 8/8
  3007 | D:5      | Noticed Sigmund
  3008 | D:5      | 3008 ||| ZAPPING wand of light (2) at 3,2 (Sigmund; floor).
  3011 | D:5      | Killed Sigmund
  3034 | D:5      | Found a transporter.
  3068 | D:5      | Found a transporter.
  3101 | D:5      | Noticed a hornet
  3222 | D:5      | Noticed qw's ghost (amateur GrHu)
  3251 | D:5      | Reached skill level 3 in Fighting
  3299 | D:5      | Reached XP level 8. HP: 39/40 MP: 9/9
  3310 | D:5      | Found an ornate altar of the Wu Jian Council.
  3498 | D:5      | 3498 ||| READING scroll labelled MESSED VENYUFE.
  3498 | D:5      | 3498 ||| ENCHANTING +0 shortbow of draining.
  3655 | D:6      | You fall into a shaft and drop 3 floors!
  3671 | D:9      | 3671 ||| RETREEEEATING.
  3683 | D:9      | Slain by an orc warrior

Levels and vault maps discovered:
D:1:      evilmike_arrival_rings, layout_basic, serial_shops,
          nicolae_shop_gaudy_bauble, shop, nicolae_shop_back_alley_shop,
          shapermc_ecumenical_altar_gd, nrook_mini_backslash
D:2:      minmay_general_purpose_star, layout_basic
D:3:      layout_basic, nicolae_dithmenos_shadow_blocks, lemuel_crystal_altar,
          grunt_ministairs_13, minmay_misc_feat_roman,
          dreamdust_princess_bridge, uniq_natasha
D:4:      layout_rooms, grunt_gozag_breadcrumbs, serial_shops, shop,
          nicolae_diamond_shop
D:5:      layout_loops_ring, general_overflow_altar, gammafunk_ghost_hive,
          uniq_sigmund
D:6:      layout_layer_cave, kennysheep_okawaru_gauntlet
D:9:      layout_irregular_city, nicolae_ru_great_annihilating_truth,
          mainiacjoe_overflow_six_doors_small, david_orc_1_choice

Skill      XL: |  1  2  3  4  5  6  7  8 |
---------------+-------------------------+-----
Dodging        | 3 4 5 7 8 |  8.2
Ranged Weapons | 5 6 7 8 |  8.1
Fighting       | 2 3 |  3.0
Stealth        | |  1.5

Action                     |  1- 3 |  4- 6 |  7- 9 || total
---------------------------+-------+-------+-------++-------
   Fire: Shortbow          |    93 |   117 |    68 ||   278
  Evoke: Wand              |       |     8 |     1 ||     9
    Use: Scroll            |     3 |    10 |     1 ||    14
         Potion            |     1 |     3 |       ||     4
 Armour: Robe              |     9 |    12 |     9 ||    30
  Dodge: Dodged            |    30 |    53 |    41 ||   124

Table legend:
 A = Non-vault XP
 B = Vault XP
 C = Vault XP percentage of total XP
 D = Non-vault monster count
 E = Vault monster count
 F = Vault count percentage of total count
                 A         B        C        D         E       F
            +---------+---------+-------+---------+---------+-------
      Total |    1371 |     422 |  23.5 |      81 |       8 |   9.0
            +---------+---------+-------+---------+---------+-------
        D:1 |      23 |       0 |   0.0 |      13 |       0 |   0.0
        D:2 |      72 |       9 |  11.1 |      13 |       4 |  23.5
        D:3 |     144 |      37 |  20.4 |      25 |       2 |   7.4
        D:4 |     376 |       0 |   0.0 |      15 |       0 |   0.0
        D:5 |     562 |     243 |  30.2 |      10 |       1 |   9.1
        D:6 |     188 |       0 |   0.0 |       3 |       0 |   0.0
        D:9 |       6 |     133 |  95.7 |       2 |       1 |  33.3
            +---------+---------+-------+---------+---------+-------
